 Dungeon Crawl Stone Soup version 0.31-a0-1066-g35875b34c7 (webtiles) character file.

Game seed: 6954036998317272523

46 Gynju the Conjurer (level 3, -4/26 HPs)
             Began as a Draconian Conjurer on Nov 22, 2023.
             Slain by an iguana (12 damage)
             ... on level 3 of the Dungeon.
             The game lasted 00:03:06 (1746 turns).

Gynju the Conjurer (Draconian Conjurer)             Turns: 1746, Time: 00:03:07

Health: -4/26      AC:  6    Str:  9    XL:     3   Next: 44%
Magic:  1/6        EV: 12    Int: 20    God:
Gold:   58         SH:  0    Dex:  9    Spells: 6/7 levels left

rFire   + . .        h - +0 short sword
rCold   . . .        (no shield)
rNeg    . . .        (body armour unavailable)
rPois   .            (helmet restricted)
rElec   .            (no cloak)
rCorr   .            (no gloves)
SInv    .            d - +0 pair of boots
Will    .....        (no amulet)
Stlth   ++           k - ring of protection from fire
HPRegen 0.24/turn    (no ring)
MPRegen 0.10/turn

%: no passive effects
@: no status effects
A: AC +5, unfitting armour, cold-blooded
a: no special abilities


You were on level 3 of the Dungeon.
You visited 1 branch of the dungeon, and saw 3 of its levels.

You collected 58 gold pieces.

Inventory:

Hand Weapons
 h - a +0 short sword (weapon)
Armour
 d - a +0 pair of boots (worn)
Jewellery
 k - a ring of protection from fire (left hand)
 n - a ring of resist corrosion
Wands
 j - a wand of iceblast (10)
Scrolls
 e - a scroll of immolation {unknown}
 f - a scroll of brand weapon {unknown}
 g - 3 scrolls of identify {unknown}
 l - 3 scrolls of blinking {unknown}
 o - a scroll of fog {unknown}
Potions
 a - a potion of magic
 b - 2 potions of curing {unknown}
 c - a potion of enlightenment {unknown}
 i - 2 potions of might {unknown}
 m - a potion of heal wounds {unknown}


   Skills:
 + Level 2.5 Dodging
 - Level 1.7 Stealth
 + Level 2.6 Spellcasting
 + Level 4.4 Conjurations


You had 6 spell levels left.
You knew the following spells:

 Your Spells              Type           Power      Damage    Failure   Level
a - Magic Dart            Conj           80%        1d7       2%          1

Your spell library contained the following spells:

 Spells                   Type           Power      Damage    Failure   Level
 Searing Ray              Conj           40%        2d5       3%          2
 Dazzling Flash           Conj/Hex       22%        N/A       19%         3
 Fulminant Prism          Conj/Hex       5%         3d7       52%         4
 Iskenderun's Mystic Bla  Conj/Tloc      11%        2d4       52%         4


Dungeon Overview and Level Annotations

Branches:
Dungeon (3/15)

Altars:


Innate Abilities, Weirdness & Mutations

Your plain brown scales are hard. (AC +5)
You cannot fit into any form of body armour.
You are cold-blooded and may be slowed by cold attacks.


Message History

Aiming: Magic Dart (safe; 2% risk of failure)
Press: ? - help, Q - select action, (/) - cycle Shift-Dir - straight line, f - iguana
Aim: an iguana (asleep, 100% to hit)
The magic dart hits the iguana.
The iguana is lightly wounded.
The iguana hisses angrily.
An iguana is nearby!
Aiming: Magic Dart (safe; 2% risk of failure)
Press: ? - help, Q - select action, (/) - cycle Shift-Dir - straight line, f/p - iguana
Aim: an iguana (lightly wounded, 100% to hit)
The magic dart hits the iguana but does no damage.
The iguana is lightly wounded.
The iguana closely misses you.
Aiming: Magic Dart (safe; 2% risk of failure)
Press: ? - help, Q - select action, (/) - cycle Shift-Dir - straight line, f/p - iguana
Aim: an iguana (lightly wounded, 100% to hit)
The magic dart hits the iguana.
The iguana is moderately wounded.
The iguana bites you.
Aiming: Magic Dart (safe; 2% risk of failure)
Press: ? - help, Q - select action, (/) - cycle Shift-Dir - straight line, f/p - iguana
Aim: an iguana (moderately wounded, 100% to hit)
The magic dart hits the iguana.
The iguana is moderately wounded.
The iguana bites you!
Aiming: Magic Dart (safe; 2% risk of failure)
Press: ? - help, Q - select action, (/) - cycle Shift-Dir - straight line, f/p - iguana
Aim: an iguana (moderately wounded, 100% to hit)
The magic dart hits the iguana.
The iguana is severely wounded.
The iguana bites you.
Aiming: Magic Dart (safe; 2% risk of failure)
Press: ? - help, Q - select action, (/) - cycle Shift-Dir - straight line, f/p - iguana
Aim: an iguana (severely wounded, 100% to hit)
The magic dart hits the iguana.
The iguana is severely wounded.
The iguana bites you.
* * * LOW HITPOINT WARNING * * *
The iguana attacks as it pursues you! The iguana bites you!
You die...

### ... #.+ +..
########.# +...
#........#
#....###.l##....'......
#.......@.#....##......
#....##........# ......
#..............# .....
#.....<........# .....
..#........###### ####
#.....#.......#
#.............#
....###.##.##.# ####
#.##.# .#


You could see an iguana.

Vanquished Creatures
  An adder (D:2)
  A worm (D:2)
  2 ball pythons (D:2)
  A bat (D:2)
  4 endoplasms
  3 goblins
  3 hobgoblins (D:1)
  2 quokkas
  A frilled lizard (D:2)
  9 kobolds
  4 rats
31 creatures vanquished.

Notes
Turn   | Place    | Note
-------+----------+-------------------------------------------
     0 | D:1      | Gynju the Draconian Conjurer began the quest for the Orb.
     0 | D:1      | Reached XP level 1. HP: 14/14 MP: 3/3
   361 | D:1      | Reached XP level 2. HP: 20/20 MP: 0/5
  1256 | D:2      | Reached XP level 3. HP: 26/26 MP: 3/6
  1519 | D:2      | Noticed a glass eye
  1525 | D:2      | Noticed an eye of devastation
  1527 | D:2      | Found a faded altar of an unknown god.
  1529 | D:2      | Noticed an eye of devastation
  1529 | D:2      | Noticed a great orb of eyes
  1746 | D:3      | Slain by an iguana

Illustrated notes

Levels and vault maps discovered:
D:1:      wander_arrival_abandoned_jail, layout_rooms, minivault_5
D:2:      layout_basic, hellmonk_ecumenical_altar_watching_god
D:3:      layout_basic, serial_undead, serial_undead_b, serial_undead_d,
          serial_undead_e, serial_undead_e, serial_park_tiny_pond,
          kennysheep_generic_room_6

Skill      XL: |  1 |
---------------+----+-----
Dodging        | 2 |  2.5
Stealth        | |  1.7
Spellcasting   | |  2.6
Conjurations   | |  4.4

Action                     || total
---------------------------++-------
  Melee: Dagger            ||     7
         Short sword       ||     5
         Tailslap          ||     2
   Cast: Magic Dart        ||    73
 Armour: Skin              ||     7
  Dodge: Dodged            ||     9

Table legend: (Time is in decaauts)
 A = Elapsed time spent in this place.
 B = Non-inter-level travel time spent in this place.
 C = Inter-level travel time spent in this place.
 D = Time resting spent in this place.
 E = Time spent auto-exploring this place.
 F = Levels seen in this place.
 G = Mean time per level.
                   A        B        C        D        E       F      G
               +--------+--------+--------+--------+--------+-----+--------+
         Total |   1748 |   1634 |    114 |      0 |   1401 |   3 |  582.7 |
       Dungeon |   1748 |   1634 |    114 |      0 |   1401 |   3 |  582.7 |
               +--------+--------+--------+--------+--------+-----+--------+

Top non-repeatable levels by time:
     D:2: 888 daAuts
     D:1: 835 daAuts
     D:3: 25 daAuts
